TOP OF THE 1ST |
Minnesota ManBearPigs batting - Pitching for Kingston Iguanas : RHP Paul Lorenzo
|
Pitching: RHP Paul Lorenzo
|
|
Batting: RHB Bill Bourland
|
0-0: Ball 1-0: Called Strike 1-1: Ground out 5-3 (Groundball, 56)
|
Batting: RHB Chris Burrell
|
0-0: Ball 1-0: Ball 2-0: Foul Ball, location: 2F 2-1: Ground out 5-3 (Groundball, 5S)
|
Batting: LHB Elvin Summers
|
0-0: DOUBLE (Line Drive, 3D)
|
Batting: RHB Jaime Hernández
|
0-0: SINGLE (Groundball, 4D) Elvin Summers to third Runner from 3rd tries for Home, SAFE, no throw
|
Batting: LHB Dave Raines
|
0-0: Ball 1-0: Ball 2-0: Foul Ball, location: 2F 2-1: Ball 3-1: Fielders Choice at 2nd, 4-6 (Groundball, 4)
|
Top of the 1st over - 1 run(s), 2 hit(s), 0 error(s), 0 left on base; Minnesota 1 - Kingston 0 |
BOTTOM OF THE 1ST |
Kingston Iguanas batting - Pitching for Minnesota ManBearPigs : RHP Claudio Ramírez
|
Pitching: RHP Claudio Ramírez
|
|
Batting: RHB Manuel Gómez
|
0-0: Ball 1-0: Fly out, F7 (Line Drive, 7)
|
Batting: RHB Francisco Martínez
|
0-0: Swinging Strike 0-1: Fly out, F9 (Flyball, 9S)
|
Batting: LHB Dusty Wilson
|
0-0: Ball 1-0: Foul Ball, location: 2F 1-1: Swinging Strike 1-2: Ball 2-2: Fly out, F8 (Flyball, 89M)
|
Bottom of the 1st over - 0 run(s), 0 hit(s), 0 error(s), 0 left on base; Minnesota 1 - Kingston 0 |
TOP OF THE 2ND |
Minnesota ManBearPigs batting - Pitching for Kingston Iguanas : RHP Paul Lorenzo
|
Batting: SHB Juan Carlos González
|
0-0: Called Strike 0-1: Foul Ball, location: 2F 0-2: Ball 1-2: Ball 2-2: Strikes out swinging
|
Batting: RHB Pedro López
|
0-0: Called Strike 0-1: Ball 1-1: Ball 2-1: SINGLE (Line Drive, 89S)
|
Batting: RHB Ánibal Soto
|
0-0: Called Strike 0-1: Foul Ball, location: 2F 0-2: Ground out 6-3 (Groundball, 6S) Pedro López to second
|
Batting: RHB Juan Trujillo
|
0-0: Ball 1-0: Swinging Strike 1-1: Called Strike 1-2: Foul Ball, location: 2F 1-2: Foul Ball, location: 2F 1-2: Strikes out swinging
|
Top of the 2nd over - 0 run(s), 1 hit(s), 0 error(s), 1 left on base; Minnesota 1 - Kingston 0 |
BOTTOM OF THE 2ND |
Kingston Iguanas batting - Pitching for Minnesota ManBearPigs : RHP Claudio Ramírez
|
Batting: LHB Jon Quinn
|
0-0: Called Strike 0-1: Ball 1-1: Ball 2-1: Swinging Strike 2-2: Ball 3-2: Base on Balls
|
Batting: RHB Tommy Davenport
|
0-0: Ball 1-0: Ball 2-0: Ball 3-0: Base on Balls Jon Quinn to second
|
Batting: SHB Devin Smith
|
0-0: Grounds into double play, 4-6-3 (Groundball, 4) Jon Quinn to third
|
Batting: RHB Sergio Mata
|
0-0: TRIPLE (Line Drive, 9D) Jon Quinn scores
|
Batting: LHB Billy Anderson
|
0-0: Called Strike 0-1: Called Strike 0-2: Ball 1-2: Ball 2-2: Ball 3-2: Fly out, F7 (Flyball, 7D)
|
Bottom of the 2nd over - 1 run(s), 1 hit(s), 0 error(s), 1 left on base; Minnesota 1 - Kingston 1 |
TOP OF THE 3RD |
Minnesota ManBearPigs batting - Pitching for Kingston Iguanas : RHP Paul Lorenzo
|
Batting: RHB Bill Bourland
|
0-0: Ball 1-0: Ball 2-0: Foul Ball, location: 2F 2-1: Fly out, F2 (Popup, 3S)
|
Batting: RHB Chris Burrell
|
0-0: Ball 1-0: Called Strike 1-1: Foul Ball, location: 2F 1-2: Ball 2-2: SINGLE (Groundball, 6MD)
|
Batting: LHB Elvin Summers
|
0-0: Ball 1-0: Called Strike 1-1: Called Strike 1-2: Fielders Choice at 2nd, 3-6 (Groundball, 34)
|
Batting: RHB Jaime Hernández
|
0-0: Ball 1-0: Ball 2-0: Fly out, F2 (Popup, 2L)
|
Top of the 3rd over - 0 run(s), 1 hit(s), 0 error(s), 1 left on base; Minnesota 1 - Kingston 1 |
BOTTOM OF THE 3RD |
Kingston Iguanas batting - Pitching for Minnesota ManBearPigs : RHP Claudio Ramírez
|
Batting: SHB John Beach
|
0-0: Ball 1-0: Called Strike 1-1: Called Strike 1-2: Foul Ball, location: 2F 1-2: Ball 2-2: Ball 3-2: Ground out U3 (Groundball, 3)
|
Batting: RHB Manuel Gómez
|
0-0: Ball 1-0: SINGLE (Groundball, 4MD)
|
Batting: RHB Francisco Martínez
|
0-0: SINGLE (Line Drive, 78S) Manuel Gómez to second
|
Batting: LHB Dusty Wilson
|
0-0: Called Strike 0-1: Fly out, F9 (Flyball, 9)
|
Batting: LHB Jon Quinn
|
0-0: Called Strike 0-1: Ball 1-1: Fielders Choice at 2nd, 4-6 (Groundball, 4D)
|
Bottom of the 3rd over - 0 run(s), 2 hit(s), 0 error(s), 1 left on base; Minnesota 1 - Kingston 1 |
TOP OF THE 4TH |
Minnesota ManBearPigs batting - Pitching for Kingston Iguanas : RHP Paul Lorenzo
|
Batting: LHB Dave Raines
|
0-0: Called Strike 0-1: SINGLE (Line Drive, 5D)
|
Batting: SHB Juan Carlos González
|
0-0: Grounds into double play, 4-6-3 (Groundball, 4)
|
Batting: RHB Pedro López
|
0-0: Ball 1-0: Swinging Strike 1-1: Called Strike 1-2: Ball 2-2: Ball 3-2: Base on Balls
|
Batting: RHB Ánibal Soto
|
0-0: SINGLE (Line Drive, 8LS) Pedro López to second
|
Batting: RHB Juan Trujillo
|
0-0: Called Strike 0-1: Hit by Pitch Pedro López to third Ánibal Soto to second
|
Batting: RHB Bill Bourland
|
0-0: Ball 1-0: Foul Ball, location: 2F 1-1: Called Strike 1-2: Foul Ball, location: 2F 1-2: Fly out, F8 (Flyball, 8LM)
|
Top of the 4th over - 0 run(s), 2 hit(s), 0 error(s), 3 left on base; Minnesota 1 - Kingston 1 |
BOTTOM OF THE 4TH |
Kingston Iguanas batting - Pitching for Minnesota ManBearPigs : RHP Claudio Ramírez
|
Batting: RHB Tommy Davenport
|
0-0: Ball 1-0: Called Strike 1-1: Ball 2-1: Foul Ball, location: 2F 2-2: Ball 3-2: Strikes out swinging
|
Batting: SHB Devin Smith
|
0-0: Called Strike 0-1: Called Strike 0-2: Foul Ball, location: 2F 0-2: Ball 1-2: Ball 2-2: Foul Ball, location: 2F 2-2: Ball 3-2: Base on Balls
|
Batting: RHB Sergio Mata
|
0-0: Ball 1-0: Fly out, F8 (Flyball, 8RD)
|
Batting: LHB Billy Anderson
|
0-0: Ball Devin Smith steals 2nd base 1-0: Swinging Strike 1-1: Ground out 6-3 (Groundball, 6)
|
Bottom of the 4th over - 0 run(s), 0 hit(s), 0 error(s), 1 left on base; Minnesota 1 - Kingston 1 |
TOP OF THE 5TH |
Minnesota ManBearPigs batting - Pitching for Kingston Iguanas : RHP Paul Lorenzo
|
Batting: RHB Chris Burrell
|
0-0: Called Strike 0-1: Ground out 6-3 (Groundball, 6)
|
Batting: LHB Elvin Summers
|
0-0: Ball 1-0: Ball 2-0: Fly out, F7 (Line Drive, 7S)
|
Batting: RHB Jaime Hernández
|
0-0: Called Strike 0-1: Called Strike 0-2: Ground out 1-3 (Groundball, 13)
|
Top of the 5th over - 0 run(s), 0 hit(s), 0 error(s), 0 left on base; Minnesota 1 - Kingston 1 |
BOTTOM OF THE 5TH |
Kingston Iguanas batting - Pitching for Minnesota ManBearPigs : RHP Claudio Ramírez
|
Batting: SHB John Beach
|
0-0: Ball 1-0: Called Strike 1-1: Fly out, F5 (Popup, 56S)
|
Batting: RHB Manuel Gómez
|
0-0: Called Strike 0-1: Swinging Strike 0-2: Ball 1-2: Strikes out swinging
|
Batting: RHB Francisco Martínez
|
0-0: Ball 1-0: Ground out 6-3 (Groundball, 6)
|
Bottom of the 5th over - 0 run(s), 0 hit(s), 0 error(s), 0 left on base; Minnesota 1 - Kingston 1 |
TOP OF THE 6TH |
Minnesota ManBearPigs batting - Pitching for Kingston Iguanas : RHP Paul Lorenzo
|
Batting: LHB Dave Raines
|
0-0: Ball 1-0: Called Strike 1-1: Ball 2-1: Ball 3-1: Called Strike 3-2: Foul Ball, location: 2F 3-2: Foul Ball, location: 2F 3-2: SINGLE (Groundball, 6MD)
|
Pitching: RHP Brandon Malet
|
|
Batting: SHB Juan Carlos González
|
0-0: Swinging Strike 0-1: SINGLE (Line Drive, 4) Dave Raines to second
|
Batting: RHB Pedro López
|
0-0: Ball 1-0: Fly out, F2 (Popup, 13)
|
Batting: RHB Ánibal Soto
|
0-0: Foul Ball, location: 2F 0-1: SINGLE (Line Drive, 7S) Dave Raines to third Juan Carlos González to second Runner from 3rd tries for Home, SAFE, throw made home
|
Batting: RHB Juan Trujillo
|
0-0: Ball 1-0: Ground out 6-3 (Groundball, 6S) Juan Carlos González to third Ánibal Soto to second
|
Batting: RHB Bill Bourland
|
0-0: Ball 1-0: Ball 2-0: Ball 3-0: Called Strike 3-1: Foul Ball, location: 2F 3-2: Hit by Pitch
|
Batting: RHB Chris Burrell
|
0-0: Ball 1-0: Ball 2-0: Foul Ball, location: 2F 2-1: Ball 3-1: Foul Ball, location: 2F 3-2: Foul Ball, location: 2F 3-2: Base on Balls Juan Carlos González scores Ánibal Soto to third Bill Bourland to second
|
Batting: LHB Elvin Summers
|
0-0: Called Strike 0-1: Ball 1-1: Fly out, F8 (Flyball, 8LM)
|
Top of the 6th over - 2 run(s), 3 hit(s), 0 error(s), 3 left on base; Minnesota 3 - Kingston 1 |
BOTTOM OF THE 6TH |
Kingston Iguanas batting - Pitching for Minnesota ManBearPigs : RHP Claudio Ramírez
|
Batting: LHB Dusty Wilson
|
0-0: Ball 1-0: SINGLE (Groundball, 34) (infield hit)
|
Batting: LHB Jon Quinn
|
0-0: Called Strike 0-1: Ball 1-1: SINGLE (Flyball, 89S) Dusty Wilson to second
|
Batting: RHB Tommy Davenport
|
0-0: Called Strike 0-1: Ball 1-1: Fly out, F8 (Line Drive, 8RXD) Runner from 2nd tags up, SAFE at 3rd, no throw
|
Batting: SHB Devin Smith
|
0-0: Ball 1-0: Foul Ball, location: 2F 1-1: Called Strike 1-2: Ball 2-2: 3-RUN HOME RUN (Flyball, 7D), Distance : 381 ft
|
Pitching: RHP Brad White
|
|
Batting: RHB Sergio Mata
|
0-0: SINGLE (Groundball, 15) (infield hit)
|
Batting: LHB Billy Anderson
|
0-0: Ball 1-0: Ball 2-0: Swinging Strike 2-1: Foul Ball, location: 2F 2-2: Foul Ball, location: 2F 2-2: Foul Ball, location: 2F 2-2: 2-RUN HOME RUN (Flyball, 8LXD), Distance : 437 ft
|
Pitching: RHP Ernesto González
|
|
Batting: SHB John Beach
|
0-0: Called Strike 0-1: Ball 1-1: Swinging Strike 1-2: Foul Ball, location: 2F 1-2: Ball 2-2: Ball 3-2: Strikes out looking
|
Batting: RHB Manuel Gómez
|
0-0: Ball 1-0: Called Strike 1-1: Swinging Strike 1-2: Fly out, F8 (Line Drive, 8LM)
|
Bottom of the 6th over - 5 run(s), 5 hit(s), 0 error(s), 0 left on base; Minnesota 3 - Kingston 6 |
TOP OF THE 7TH |
Minnesota ManBearPigs batting - Pitching for Kingston Iguanas : RHP Brandon Malet
|
Batting: RHB Jaime Hernández
|
0-0: Called Strike 0-1: Called Strike 0-2: Ball 1-2: Ball 2-2: Ball 3-2: Ground out 6-3 (Groundball, 56)
|
Batting: LHB Dave Raines
|
0-0: SINGLE (Groundball, 6D)
|
Batting: SHB Juan Carlos González
|
0-0: Ball 1-0: Ball 2-0: Called Strike 2-1: Foul Ball, location: 2F 2-2: Fly out, F3 (Line Drive, 3)
|
Batting: RHB Pedro López
|
0-0: Called Strike 0-1: Ball 1-1: Called Strike Dave Raines is caught stealing 2nd base
|
Top of the 7th over - 0 run(s), 1 hit(s), 0 error(s), 0 left on base; Minnesota 3 - Kingston 6 |
BOTTOM OF THE 7TH |
Kingston Iguanas batting - Pitching for Minnesota ManBearPigs : RHP Ernesto González
|
Batting: RHB Francisco Martínez
|
0-0: Called Strike 0-1: Foul Ball, location: 2F 0-2: Ball 1-2: Ball 2-2: Ball 3-2: Foul Ball, location: 2F 3-2: Foul Ball, location: 2F 3-2: Ground out 4-3 (Groundball, 4)
|
Batting: LHB Dusty Wilson
|
0-0: Ball 1-0: Ball 2-0: Foul Ball, location: 2F 2-1: Ball 3-1: Foul Ball, location: 2F 3-2: Reached on error, E3 (Groundball, 34)
|
Batting: LHB Jon Quinn
|
0-0: Ball 1-0: Ball 2-0: Fly out, F9 (Flyball, 9S)
|
Batting: RHB Tommy Davenport
|
0-0: Intentional Walk
|
Batting: SHB Devin Smith
|
0-0: Swinging Strike 0-1: Called Strike 0-2: Ball 1-2: Ball 2-2: SINGLE (Line Drive, 9LM) Dusty Wilson to third Tommy Davenport to second Runner from 3rd tries for Home, SAFE, no throw
|
Batting: RHB Sergio Mata
|
0-0: Called Strike 0-1: Ball 1-1: Ball 2-1: Called Strike 2-2: Ground out 6-3 (Groundball, 56)
|
Bottom of the 7th over - 1 run(s), 1 hit(s), 1 error(s), 2 left on base; Minnesota 3 - Kingston 7 |
TOP OF THE 8TH |
Minnesota ManBearPigs batting - Pitching for Kingston Iguanas : RHP Brandon Malet
|
Batting: RHB Pedro López
|
0-0: Called Strike 0-1: Foul Ball, location: 2F 0-2: Foul Ball, location: 2F 0-2: Ball 1-2: Foul Ball, location: 2F 1-2: Foul Ball, location: 2F 1-2: Strikes out looking
|
Batting: RHB Ánibal Soto
|
0-0: Ball 1-0: SINGLE (Line Drive, 9LM)
|
Batting: RHB Juan Trujillo
|
0-0: Called Strike 0-1: Ball 1-1: Called Strike 1-2: Ball 2-2: Strikes out swinging
|
Pitching: LHP Dong-young Kang
|
|
Batting: RHB Bill Bourland
|
0-0: Called Strike 0-1: Swinging Strike 0-2: Strikes out swinging
|
Top of the 8th over - 0 run(s), 1 hit(s), 0 error(s), 1 left on base; Minnesota 3 - Kingston 7 |
BOTTOM OF THE 8TH |
Kingston Iguanas batting - Pitching for Minnesota ManBearPigs : RHP Ernesto González
|
Batting: LHB Billy Anderson
|
0-0: Ball 1-0: Ball 2-0: Fly out, F7 (Flyball, 7S)
|
Pitching: RHP Gabriel McDaniel
|
|
Batting: SHB John Beach
|
0-0: Called Strike 0-1: Ball 1-1: Swinging Strike 1-2: Ball 2-2: Strikes out swinging
|
Batting: RHB Manuel Gómez
|
0-0: Foul Ball, location: 2F 0-1: SOLO HOME RUN (Line Drive, 7D), Distance : 391 ft
|
Batting: RHB Francisco Martínez
|
0-0: Ball 1-0: Ball 2-0: Foul Ball, location: 2F 2-1: Ball 3-1: Base on Balls
|
Batting: LHB Dusty Wilson
|
0-0: DOUBLE (Line Drive, 9LM) Francisco Martínez to third
|
Batting: LHB Jon Quinn
|
0-0: Called Strike 0-1: Foul Ball, location: 2F 0-2: Foul Ball, location: 2F 0-2: Ground out 3-1 (Groundball, 34)
|
Bottom of the 8th over - 1 run(s), 2 hit(s), 0 error(s), 2 left on base; Minnesota 3 - Kingston 8 |
TOP OF THE 9TH |
Minnesota ManBearPigs batting - Pitching for Kingston Iguanas : LHP Dong-young Kang
|
Batting: RHB Chris Burrell
|
0-0: Swinging Strike 0-1: Swinging Strike 0-2: Foul Ball, location: 2F 0-2: Ball 1-2: Ball 2-2: Fly out, F6 (Line Drive, 6)
|
Batting: LHB Elvin Summers
|
0-0: Ball 1-0: Ball 2-0: Ball 3-0: Called Strike 3-1: Base on Balls
|
Batting: RHB Jaime Hernández
|
0-0: Called Strike 0-1: Fly out, F8 (Flyball, 8RM)
|
Batting: LHB Dave Raines
|
0-0: Foul Ball, location: 2F 0-1: Ball 1-1: Called Strike 1-2: Ball 2-2: Strikes out swinging
|
Top of the 9th over - 0 run(s), 0 hit(s), 0 error(s), 1 left on base; Minnesota 3 - Kingston 8 |
|